 Dungeon Crawl Stone Soup version 0.28.0 (webtiles) character file.

Game seed: 6896202876099840292

1166 mkm the Firebug (level 8, -5/43 HPs)
             Began as a Gargoyle Fire Elementalist on Feb 11, 2022.
             Was an Initiate of Vehumet.
             Slain by an orc warrior (11 damage)
             ... on level 7 of the Dungeon.
             The game lasted 00:19:26 (6618 turns).

mkm the Firebug (Gargoyle Fire Elementalist)        Turns: 6618, Time: 00:19:27

Health: -5/43      AC: 11    Str: 12    XL:     8   Next: 40%
Magic:  7/15       EV: 12    Int: 24    God:    Vehumet [......]
Gold:   255        SH:  0    Dex: 10    Spells: 11/17 levels left

rFire   + . .      SeeInvis .   h - +1 whip
rCold   + . .      Faith    .   (no shield)
rNeg    + . .      Spirit   .   z - +2 robe {Will+}
rPois   ∞          Reflect  .   (no helmet)
rElec   +          Harm     .   (no cloak)
rCorr   +          Rampage  .   l - +0 pair of gloves
Will    +....                   t - +0 pair of boots
Stlth   ++........              c - amulet of regeneration
HPRegen 0.94/turn               a - +6 ring of intelligence
MPRegen 0.14/turn               (no ring)

@: resistant
A: sickness immunity, AC +5, negative energy resistance 1, electricity
resistance, torment resistance 1, petrification resistance
a: Renounce Religion


You were on level 7 of the Dungeon.
You worshipped Vehumet.
Vehumet was noncommittal.
You visited 2 branches of the dungeon, and saw 8 of its levels.

You collected 255 gold pieces.

Inventory:

Hand Weapons
 b - a +0 hand axe
 h - a +1 whip (weapon)
Missiles
 d - a throwing net
Armour
 l - a +0 pair of gloves (worn)
 t - a +0 pair of boots (worn)
 z - a +2 robe of willpower (worn)
Jewellery
 a - a +6 ring of intelligence (left hand)
 c - an amulet of regeneration (around neck)
Wands
 s - a wand of mindburst (21)
 v - a wand of paralysis (10)
Scrolls
 i - 4 scrolls of enchant weapon
 j - a scroll of fear {unknown}
 m - 2 scrolls of holy word {unknown}
 n - a scroll of enchant armour {unknown}
 o - a scroll of blinking {unknown}
 p - 3 scrolls of teleportation {unknown}
 q - 2 scrolls of fog {unknown}
 u - a scroll of amnesia {unknown}
 y - a scroll of noise {unknown}
Potions
 f - 2 potions of brilliance
 g - 3 potions of haste
 k - 2 potions of curing {unknown}
 r - 2 potions of might
 w - a potion of berserk rage {unknown}
 x - a potion of resistance
 A - a potion of degeneration {unknown}


   Skills:
 + Level 1.3 Fighting
 + Level 1.1 Maces & Flails
 + Level 1.2 Armour
 + Level 2.0 Dodging
 - Level 2.1 Stealth
 + Level 5.1 Spellcasting
 + Level 5.8 Conjurations
 + Level 6.1 Fire Magic


You had 11 spell levels left.
You knew the following spells:

 Your Spells              Type           Power      Damage    Failure   Level
a - Foxfire               Conj/Fire      100%       2x1d9     1%          1
b - Scorch                Fire           70%        2d8       1%          2
c - Conjure Flame         Conj/Fire      34%        6-21      2%          3

Your spell library contained the following spells:

 Spells                   Type           Power      Damage    Failure   Level
 Inner Flame              Hex/Fire       20%        N/A       8%          3
 Flame Wave               Conj/Fire      34%        2d8       8%          4
 Summon Guardian Golem    Hex/Summ       6%         N/A       26%         3
 Orb of Destruction       Conj           17%        9d7       100%        7
 Spellforged Servitor     Conj/Summ      10%        N/A       100%        7


Dungeon Overview and Level Annotations

Branches:
Dungeon (7/15)             Temple (1/1) D:6

Altars:
Ashenzari
Cheibriados
Dithmenos
Elyvilon
Fedhas
Gozag
Hepliaklqana
Kikubaaqudgha
Makhleb
Nemelex Xobeh
Okawaru
Qazlal
Ru
Sif Muna
Trog
Uskayaw
Vehumet
Wu Jian
Xom
Yredelemnul
Zin
The Shining One

Annotations:
D:4 Pikel


Innate Abilities, Weirdness & Mutations

You are immune to sickness and miasma.
Your stone body is resilient. (AC +5)
You are immune to poison.
You resist negative energy. (rN+)
You are resistant to electric shocks. (rElec)
You are resistant to unholy torment.
You are immune to petrification.


Message History

The orc warrior is moderately wounded.
You conjure some foxfire!
The foxfire hits the orc warrior but does no damage.
The orc warrior is moderately wounded.
The foxfire hits the orc warrior but does no damage.
The orc warrior is moderately wounded.
The orc warrior hits you with a +0 flail!
You conjure some foxfire!
The foxfire hits the orc warrior but does no damage.
The orc warrior is moderately wounded.
You conjure some foxfire!
The foxfire hits the orc warrior.
The orc warrior is heavily wounded.
The foxfire hits the orc warrior.
The orc warrior is severely wounded.
The orc warrior hits you but does no damage.
You conjure some foxfire!
The foxfire hits the orc warrior but does no damage.
The orc warrior is severely wounded.
The orc warrior hits you with a +0 flail.
There is not enough space to conjure foxfire!
The foxfire hits the orc but does no damage.
The foxfire hits the orc warrior but does no damage.
The orc warrior is severely wounded.
The orc warrior hits you with a +0 flail!
You are too injured to fight recklessly!
A kobold brigand comes into view.
It is wielding a +0 whip and quivering curare-tipped darts.
The orc warrior hits you with a +0 flail.
Okay, then.
The kobold brigand shouts!
You hear a shout!
The orc wizard hits you with a +0 dagger.
* * * LOW HITPOINT WARNING * * *
A kobold comes into view. It is wielding a +0 whip.
The orc wizard casts a spell at you. The magic dart hits you.
* * * LOW HITPOINT WARNING * * *
The kobold moves out of view.
It was a potion of resistance.
You feel protected.
The orc warrior hits you with a +0 flail!
You die...

#.... #..... #.###
#K##.# #.# #.##.# #.#
##.##.# #.# .....# #.###
#. #.##.# ######...#
#.?##o##.######.........
#....oo@.....##"######.#
##.##.##.###.##.# #.#
#.##.##.###.##.## #.#
.....>..........# #.#
####.######(##..#####<#
#.# #.##..##..... #.#
#.##..##.##.# #.#
#.##.... ....
#...........#


You could see an orc warrior, an orc wizard and an orc.

Vanquished Creatures
  A water moccasin (D:7)
  A black bear (D:6)
  An ice beast (D:6)
  2 centaurs (D:6)
  A phantom (D:5)
  A gnoll sergeant (D:6)
  A bullfrog (D:6)
  A water moccasin skeleton (D:4)
  A gnoll shaman (D:5)
  A centaur skeleton (D:6)
  2 bullfrog skeletons (D:6)
  2 iguanas (D:5)
  A killer bee zombie (D:6)
  A hound skeleton (D:5)
  10 gnolls
  7 adders
  An ufetubus (D:4)
  4 worms
  4 dart slugs
  11 orcs
  6 bats
  4 endoplasms
  4 giant cockroaches
  9 goblins
  A hobgoblin (D:1)
  8 ball pythons
  A frilled lizard (D:2)
  7 kobolds
  8 rats
102 creatures vanquished.

Vanquished Creatures (others)
  238 foxfires
238 creatures vanquished.

Grand Total: 340 creatures vanquished

Notes
Turn   | Place    | Note
-------+----------+-------------------------------------------
     0 | D:1      | mkm the Gargoyle Fire Elementalist began the quest for the
                  | Orb.
     0 | D:1      | Reached XP level 1. HP: 10/10 MP: 3/3
   179 | D:1      | Reached XP level 2. HP: 14/15 MP: 3/5
   701 | D:1      | Reached XP level 3. HP: 19/19 MP: 3/6
   706 | D:1      | Learned a level 2 spell: Scorch
  1123 | D:2      | Found a faded altar of an unknown god.
  1337 | D:2      | Reached XP level 4. HP: 24/24 MP: 4/8
  2420 | D:4      | Reached skill level 4 in Fire Magic
  2439 | D:4      | Reached XP level 5. HP: 28/28 MP: 0/9
  2532 | D:4      | Noticed a lemure
  2775 | D:4      | Noticed a lemure
  2777 | D:4      | Noticed Pikel
  2795 | D:5      | Entered Level 5 of the Dungeon
  3048 | D:5      | Reached XP level 6. HP: 32/32 MP: 5/11
  3145 | D:5      | Learned a level 3 spell: Conjure Flame
  3360 | D:5      | Found a burning altar of Makhleb.
  3831 | D:5      | Reached skill level 5 in Fire Magic
  3979 | D:6      | Noticed a black bear
  3989 | D:6      | Killed a black bear
  3990 | D:6      | Reached XP level 7. HP: 23/36 MP: 2/13
  4532 | D:6      | Found a shimmering altar of Xom.
  4622 | D:6      | Reached skill level 5 in Conjurations
  4725 | D:6      | Found a staircase to the Ecumenical Temple.
  4735 | Temple   | Entered the Ecumenical Temple
  4906 | Temple   | Became a worshipper of Vehumet
  5252 | D:6      | Reached skill level 5 in Spellcasting
  5252 | D:6      | Reached XP level 8. HP: 28/41 MP: 7/15
  5841 | D:6      | Noticed a hornet
  5916 | D:6      | Reached skill level 6 in Fire Magic
  5917 | D:6      | Reached skill level 1 in Fighting
  6214 | D:6      | Reached skill level 1 in Armour
  6379 | D:7      | Reached skill level 1 in Maces & Flails
  6618 | D:7      | Slain by an orc warrior

Illustrated notes

Levels and vault maps discovered:
D:1:      matt_arrival_refuge, layout_basic, hangedman_decor_opposing,
          minmay_tetromino_s2
D:2:      layout_rooms, ebering_ecumenical_altar_webs
D:3:      layout_basic
D:4:      layout_rooms, uniq_pikel
D:5:      layout_basic, mainiacjoe_overflow_six_doors_small,
          minmay_misc_feat_ornament
D:6:      layout_basic, mainiacjoe_overflow_boulevard,
          minmay_temple_entry_statues_fountains, cheibrodos_sewer_entry_bend
D:7:      layout_loops_ring, uniq_prince_ribbit1
Temple:   mainiacjoe_temple_big_plus

Skill      XL: |  1  2  3  4  5  6  7  8 |
---------------+-------------------------+-----
Conjurations   | 2 3 4 5 |  5.8
Spellcasting   | 3 4 5 |  5.1
Fire Magic     | 4 5 6 |  6.1
Fighting       | 1 |  1.3
Armour         | 1 |  1.2
Maces & Flails | 1 |  1.1
Dodging        | 2 |  2.0
Stealth        | |  2.1

Action                   |  1- 3 |  4- 6 |  7- 9 || total
-------------------------+-------+-------+-------++-------
Melee: Hand axe          |    17 |       |       ||    17
       Whip              |     6 |     3 |       ||     9
 Cast: Foxfire           |    44 |    62 |    35 ||   141
       Scorch            |     4 |    28 |    30 ||    62
  Use: Scroll            |       |     5 |     1 ||     6
       Potion            |       |     1 |     2 ||     3
Armor: Robe              |    16 |     9 |    16 ||    41
Dodge: Dodged            |    31 |    22 |    23 ||    76
